 Dungeon Crawl Stone Soup version 0.31-a0-851-g7ff8af7976 (webtiles) character file.

Game seed: 17588729770436274126

1481 lunkers the Martial Artist (level 9, -1/67 HPs)
             Began as a Meteoran Shapeshifter on Oct 5, 2023.
             Was a Follower of Trog.
             Slain by a centaur (4 damage)
             ... on level 7 of the Dungeon.
             The game lasted 00:08:38 (3408 turns).

lunkers the Martial Artist (Meteoran Shapeshifter)  Turns: 3408, Time: 00:08:38

Health: -1/67      AC:  9    Str: 16    XL:     9   Next: 27%
Magic:  10/10      EV: 12    Int: 11    God:    Trog [*.....]
Gold:   246        SH:  4    Dex: 19    Spells: 8/8 levels left

rFire   + .          .
                       - Unarmed
rCold   . . .        D - +0 buckler
rNeg    . . .        C - +2 leather armour {rPois}
rPois   +            (helmet currently unavailable)
rElec   .            (cloak currently unavailable)
rCorr   .            (gloves currently unavailable)
SInv    .            (boots currently unavailable)
Will    +....        (no amulet)
Stlth   +            e - +4 ring of protection
HPRegen 0.31/turn    m - ring of protection from fire
MPRegen 0.12/turn

%: no passive effects
@: lethally poisoned (-1 -> -2), beast-form, glowing
A: beast (slay +4), sense surroundings 2, otherworldly, glowing, explore regen
a: Begin Untransformation, Renounce Religion, Berserk


You were on level 7 of the Dungeon.
You worshipped Trog.
Trog was aware of your devotion.
You were a hulking beast.
You visited 1 branch of the dungeon, and saw 7 of its levels.
You also visited: Sewer.

You collected 246 gold pieces.

Inventory:

Armour
 q - a +0 chain mail
 C - a +2 leather armour of poison resistance (worn)
 D - a +0 buckler (worn)
Jewellery
 e - a +4 ring of protection (left hand)
 m - a ring of protection from fire (right hand)
Talismans
 c - a beast talisman (active)
 d - a flux talisman
 i - a maw talisman
Wands
 u - a wand of roots (26)
 B - a wand of mindburst (22)
Scrolls
 a - a scroll of teleportation {unknown}
 g - a scroll of fear
 j - a scroll of brand weapon {unknown}
 k - a scroll of amnesia {unknown}
 l - 2 scrolls of vulnerability {unknown}
 n - 9 scrolls of identify {unknown}
 o - 2 scrolls of poison {unknown}
 s - a scroll of acquirement {unknown}
 t - a scroll of enchant weapon {unknown}
 v - a scroll of revelation {unknown}
 x - 3 scrolls of fog {unknown}
 y - a scroll of blinking {unknown}
 F - a scroll of enchant armour {unknown}
Potions
 b - a potion of lignification
 f - 4 potions of haste {unknown}
 h - 2 potions of mutation {unknown}
 p - a potion of might {unknown}
 r - a potion of curing {unknown}
 w - 2 potions of degeneration {unknown}
 z - 2 potions of resistance {unknown}
 A - 3 potions of heal wounds {unknown}
 E - a potion of enlightenment {unknown}


   Skills:
 + Level 1.7 Fighting
 + Level 2.5 Dodging
 * Level 10.8 Unarmed Combat
 + Level 7.6 Shapeshifting


You had 8 spell levels left.
You didn't know any spells.
Your spell library contained the following spells:

 Spells                   Type           Power      Damage    Failure   Level
 Summon Small Mammal      Summ           0%         N/A       52%         1
 Call Canine Familiar     Summ           0%         N/A       87%         3
 Summon Guardian Golem    Hex/Summ       0%         N/A       87%         3


Dungeon Overview and Level Annotations

Branches:
Dungeon (7/15) Zot: 1299   Temple (0/1) D:7           Sewer (visited)

Altars:
Fedhas
Kikubaaqudgha
Nemelex Xobeh
Trog

Annotations:
D:3 exclusion: oklob plant


Innate Abilities, Weirdness & Mutations

You are a hulking beast.
Your limbs bulge with bestial killing power. (Slay +4)
You passively map the area around you.
You are easily found by Zot.
You glow in the dark.
You regain HP and MP as you explore.


Message History

You are too injured to fight recklessly!
You are too injured to fight recklessly!
There are monsters nearby!
Unknown command.
You barely miss the water moccasin.
The water moccasin is heavily wounded.
You feel sick.
The centaur shoots an arrow.
The arrow hits you but does no damage. The water moccasin barely misses you.
The centaur shoots an arrow.
The arrow hits you!
* * * LOW HITPOINT WARNING * * *
The water moccasin bites you but does no damage.
You hit the water moccasin.
The water moccasin is severely wounded.
You feel sick.
The centaur shoots an arrow.
The arrow closely misses you.
The water moccasin bites you but does no damage.
You punch the water moccasin!
You kill the water moccasin!
Trog accepts your kill.
You feel sick.
You feel sick.
The centaur shoots an arrow.
The arrow hits you!
* * * LOW HITPOINT WARNING * * *
The centaur shoots an arrow.
The arrow hits you!
* * * LOW HITPOINT WARNING * * *
You feel sick.
The centaur unwields a +0 orcbow.
The centaur misses you. You block the centaur's attack.
You punch the centaur!
The centaur is moderately wounded.
The centaur hits you but does no damage.
The centaur closely misses you.
You barely miss the centaur.
The centaur is moderately wounded.
You feel sick.
The centaur hits you but does no damage.
The centaur kicks you but does no damage.
You barely miss the centaur.
The centaur is moderately wounded.
You feel sick. The centaur hits you.
* * * LOW HITPOINT WARNING * * *
The centaur closely misses you. The centaur hits you.
You die...

* * ########## , , ,
#.......∩. * *** *#.###
###......... * #.#..
..#......... * #.#.#**
#.#.....(... , *
*#####)#.# #.#.........
,,........# #.#.........
, ,
......c.#####.#.........
,
.......h#.....'.........
*
........#.###.#.........
* ,
..............#.........
........#...###.........
* * ,
........#.....+.........
, ,
........#.#...#.........
* *
........#.#...#.........
*
........#.#...#######...
*,
,#########.#...#######...


You could see a centaur.

Vanquished Creatures
  The ghost of javelincjr the Insei, an amateur DjSh (D:4)
  A water moccasin (D:7)
  3 ice beasts (D:6)
  An ogre (D:6)
  A centaur (D:6)
  A black bear (D:5)
  2 kobold brigands (Sewer)
  2 bullfrogs
  2 hounds
  2 sleepcaps
  2 iguanas
  An orc wizard (D:5)
  Natasha (twice) (D:4)
  9 adders
  6 river rats
  3 ufetubi
  A worm (D:6)
  9 orcs
  4 bats
  An endoplasm (D:1)
  2 giant cockroaches (D:3)
  7 goblins
  4 hobgoblins
  4 jackals
  3 quokkas
  12 ball pythons
  2 frilled lizards (Sewer)
  9 kobolds
  8 rats
105 creatures vanquished.

Notes
Turn   | Place    | Note
-------+----------+-------------------------------------------
     0 | D:1      | lunkers the Meteoran Shapeshifter began the quest for the
                  | Orb.
     0 | D:1      | Reached XP level 1. HP: 16/16 MP: 2/2
    72 | D:1      | Reached XP level 2. HP: 23/23 MP: 3/3
   252 | D:1      | Reached skill level 4 in Unarmed Combat
   462 | D:1      | Reached XP level 3. HP: 22/28 MP: 4/4
   565 | D:2      | Reached XP level 4. HP: 35/35 MP: 5/5
   859 | D:3      | Found a blossoming altar of Fedhas.
   879 | D:3      | Noticed an oklob plant
   930 | D:3      | Reached skill level 5 in Unarmed Combat
  1058 | D:3      | Found an ancient bone altar of Kikubaaqudgha.
  1273 | D:4      | Reached XP level 5. HP: 40/40 MP: 6/6
  1432 | D:4      | Found a bloodstained altar of Trog.
  1440 | D:4      | Became a worshipper of Trog the Wrathful
  1444 | D:4      | Noticed Natasha
  1449 | D:4      | Killed Natasha
  1453 | D:4      | Reached skill level 6 in Unarmed Combat
  1472 | D:4      | Reached XP level 6. HP: 44/47 MP: 7/7
  1529 | D:4      | Found a runed translucent door.
  1529 | D:4      | Noticed javelincjr's ghost (amateur DjSh)
  1544 | D:4      | Killed javelincjr's ghost
  1545 | D:4      | Reached skill level 7 in Unarmed Combat
  1545 | D:4      | Reached skill level 5 in Shapeshifting
  1559 | D:4      | Noticed Natasha
  1567 | D:4      | Killed Natasha
  1568 | D:4      | Reached XP level 7. HP: 52/52 MP: 8/8
  1757 | D:5      | Entered Level 5 of the Dungeon
  2021 | D:5      | Reached skill level 8 in Unarmed Combat
  2196 | D:6      | Found a glowing drain.
  2206 | D:6      | Reached * piety under Trog
  2213 | Sewer    | Entered a sewer
  2372 | Sewer    | Reached XP level 8. HP: 58/59 MP: 9/9
  2624 | Sewer    | Glimpsed the power of Zot.
  2663 | Sewer    | Glimpsed the power of Zot.
  2694 | Sewer    | Glimpsed the power of Zot.
  2719 | D:6      | Reached skill level 9 in Unarmed Combat
  2857 | D:6      | Reached skill level 10 in Unarmed Combat
  2862 | D:6      | Gained mutation: You passively map the area around you.
                  | [Meteoran growth]
  2862 | D:6      | Reached XP level 9. HP: 41/64 MP: 10/10
  3094 | D:6      | Found a sparkling altar of Nemelex Xobeh.
  3176 | D:7      | Found a staircase to the Ecumenical Temple.
  3408 | D:7      | HP: 3/67 [centaur (5)]
  3408 | D:7      | Slain by a centaur

Illustrated notes

Levels and vault maps discovered:
D:1:      tarquinn_simple_flora_water_d, layout_loops_corners, minivault_19,
          chequers_serial_rivers_room_b, minmay_misc_feat_diagonals
D:2:      layout_basic
D:3:      layout_basic, tgw_fedhas, mainiacjoe_overflow_six_doors_small,
          minivault_25, minivault_19, kennysheep_generic_room_7
D:4:      layout_basic, nicolae_overflow_crystal_walls,
          hellmonk_ghost_happy_afterlife, uniq_natasha
D:5:      layout_basic, gammafunk_temple_overflow_elements,
          general_overflow_altar, eat_drink_and_be_merry_uskayaw,
          serial_aquarium, aquarium_bridge_island_small
          [aquarium_subvault_small_water, aquarium_subvault_window,
          aquarium_subvault_bridge, aquarium_subvault_bridge,
          aquarium_subvault_wall], aquarium_window_1, aquarium_window_corner,
          aquarium_window_fake, aquarium_window_3, aquarium_view_2c,
          aquarium_view_2f, aquarium_balcony_3b, aquarium_pool_S,
          gammafunk_ghost_smash
D:6:      layout_loops_ring, nicolae_overflow_hidden_temple,
          nemelex_diamond_rough_becter, cheibrodos_sewer_entry_sluice,
          kennysheep_decorative_pillar
D:7:      layout_basic, kennysheep_little_box,
          minmay_temple_entry_statues_pillars, abandoned_shop,
          kennysheep_generic_room_11

Skill      XL: |  1  2  3  4  5  6  7  8 |
---------------+-------------------------+-----
Unarmed Combat | 4 5 6 7 8 10 | 10.8
Shapeshifting  | 4 5 6 7 |  7.6
Fighting       | |  1.7
Dodging        | |  2.5

Action                     |  1- 3 |  4- 6 |  7- 9 || total
---------------------------+-------+-------+-------++-------
  Melee: Unarmed           |    56 |    97 |   187 ||   340
         Punch             |     4 |     1 |     5 ||    10
 Invoke: Berserk           |       |       |     2 ||     2
    Use: Potion            |       |     1 |       ||     1
         Scroll            |       |       |     2 ||     2
 Armour: Animal skin       |    29 |     7 |       ||    36
         Chain mail        |       |    58 |   129 ||   187
         Skin              |       |     7 |       ||     7
         Leather armour    |       |       |    28 ||    28
  Dodge: Dodged            |    35 |    40 |    75 ||   150
  Block: Buckler           |       |       |     6 ||     6

Table legend: (Time is in decaauts)
 A = Elapsed time spent in this place.
 B = Non-inter-level travel time spent in this place.
 C = Inter-level travel time spent in this place.
 D = Time resting spent in this place.
 E = Time spent auto-exploring this place.
 F = Levels seen in this place.
 G = Mean time per level.
                   A        B        C        D        E       F      G
               +--------+--------+--------+--------+--------+-----+--------+
         Total |   3497 |   3405 |     92 |     66 |   2465 |   8 |  437.1 |
       Dungeon |   2899 |   2807 |     92 |     33 |   2140 |   7 |  414.1 |
         Sewer |    597 |    597 |      0 |     33 |    325 |   1 |  597.0 |
               +--------+--------+--------+--------+--------+-----+--------+

Top non-repeatable levels by time:
   Sewer: 597 daAuts
     D:4: 490 daAuts
     D:1: 476 daAuts
     D:6: 464 daAuts
     D:5: 425 daAuts
     D:3: 419 daAuts
     D:2: 355 daAuts
     D:7: 268 daAuts
